 Dungeon Crawl Stone Soup version 0.22-a0-32-ga749362bc3 (webtiles) character file.

0 Manul the Ducker (level 1, -3/11 HPs)
             Began as a Spriggan Abyssal Knight on Jan 3, 2018.
             Was a Follower of Lugonu.
             Slain by a thrashing horror (9 damage)
             ... on level 3 of the Abyss.
             The game lasted 00:01:22 (248 turns).

Manul the Ducker (Spriggan Abyssal Knight)           Turns: 248, Time: 00:01:23

Health: -3/11      AC:  3    Str:  8      XL:     1   Next: 0%
Magic:  3/3        EV: 18    Int: 12 (13) God:    Lugonu [*.....]
Gold:   73         SH:  0    Dex: 15      Spells: 0/0 levels left

rFire    . . .     SeeInvis +   a - +1 short sword
rCold    . . .     Gourm    .   (shield restricted)
rNeg     . . .     Faith    .   b - +1 robe
rPois    .         Spirit   .   (helmet restricted)
rElec    .         Reflect  .   (no cloak)
rCorr    .         Harm     .   (gloves unavailable)
MR       .....                  (boots unavailable)
Stlth    +.........             (no amulet)
HPRegen  0.00/turn              (no ring)
MPRegen  0.08/turn              (no ring)

@: non-regenerating, diseased, very quick
A: very small, unfitting armour, see invisible, herbivore, speed 3, slow
metabolism 2
a: Depart the Abyss, Renounce Religion


You were on level 3 of the Abyss.
You worshipped Lugonu.
Lugonu was aware of your devotion.
You were not hungry.

You visited 0 branches of the dungeon, and saw 0 of its levels.
You visited the Abyss 1 time.

You collected 73 gold pieces.

Inventory:

Hand Weapons
 a - a +1 short sword (weapon)
Armour
 b - a +1 robe (worn)
Comestibles
 c - 4 rations


   Skills:
 + Level 2.4 Fighting
 + Level 2.1 Short Blades
 + Level 3.5 Dodging
 + Level 1.7 Invocations


You couldn't memorise any spells.
You didn't know any spells.

Dungeon Overview and Level Annotations

Branches:
Dungeon (0/15)

Altars:


Innate Abilities, Weirdness & Mutations

You are very small and have problems with some larger weapons.
You are too small for most types of armour.
You have supernaturally acute eyesight. (SInv)
You are a herbivore.
You cover ground extremely quickly.
You need consume almost no food.


Message History

Found 14 stones.
A brown very ugly thing comes into view.
Found an ogre corpse. 2 neqoxecs come into view.
The neqoxec shouts!
Found 30 gold pieces.
You now have 73 gold pieces (gained 30).
Found 19 stones.
Found 58 gold pieces.
An ancient zyme comes into view.
The ancient zyme moves out of view.
You feel yourself growing ill in the presence of the ancient zyme.
Found 22 gold pieces.
You feel ill.
A thrashing horror comes into view.
The thrashing horror roars!
A large abomination comes into view.
The thrashing horror tramples you!
Ouch! That really hurt!
You die...

## ..# . #... .# .#.##
# . ... ....# # )
#.... #.#...#. .# #
... .$ .... #. #.##
#.##.#...#. ##...
#..#.##..#.
#.....#......#...#
###.
##....##.#.#...@#....#
#.#...##.#.##.#X..#
...#.......##...###
..##..#.##.#.##.### ##
###.x..x.......#
#.#.##..##.#.#..
#..#.##..##.#.# ... ..
.........## ##
.#X#..........


You could see an ancient zyme and a thrashing horror.

Vanquished Creatures (others)
  2 starspawn tentacles (Abyss:2)
2 creatures vanquished.

Notes
Turn   | Place    | Note
-------+----------+-------------------------------------------
     0 | Abyss:1  | Manul the Spriggan Abyssal Knight began the quest for the Orb.
     0 | Abyss:1  | Reached XP level 1. HP: 11/11 MP: 3/3
    41 | Abyss:2  | Noticed a neqoxec
    44 | Abyss:2  | Noticed a tentacled starspawn
    92 | Abyss:2  | Noticed a soul eater
    96 | Abyss:2  | Noticed a lorocyproca
   103 | Abyss:2  | Noticed a tentacled starspawn
   110 | Abyss:2  | Noticed a hungry ghost
   116 | Abyss:2  | Noticed a spatial vortex
   117 | Abyss:2  | Noticed a spatial vortex
   117 | Abyss:2  | Noticed a bone dragon
   117 | Abyss:2  | Noticed a golden eye
   117 | Abyss:2  | Noticed a spatial maelstrom
   117 | Abyss:2  | Noticed a spatial vortex
   118 | Abyss:2  | Noticed a spatial vortex
   173 | Abyss:3  | Noticed a large abomination
   188 | Abyss:3  | Noticed a small abomination
   199 | Abyss:3  | Noticed a brown very ugly thing
   201 | Abyss:3  | Noticed an orange crystal statue
   203 | Abyss:3  | Noticed a neqoxec
   203 | Abyss:3  | Noticed a neqoxec
   232 | Abyss:3  | Noticed an ancient zyme
   238 | Abyss:3  | Noticed a thrashing horror
   239 | Abyss:3  | Noticed a large abomination
   248 | Abyss:3  | Slain by a thrashing horror

Vault maps used:
Abyss:3:  doesnt_abyss_rune_brain_food, patterned_corridor

Action                   || total
-------------------------++-------
  Use: Scroll            ||     1
Dodge: Dodged            ||     1

Table legend:
 A = Spawn XP
 B = Non-spawn XP
 C = Spawn XP percentage of total XP
 D = Spawn monster count
 E = Non-spawn monster count
 F = Spawn count percentage of total count
 G = Total turns spent on level
                    A         B        C        D         E        F      G
               +---------+---------+-------+---------+---------+-------+---------
         Total |       0 |       0 |   N/A |       0 |       0 |   N/A |   248
               +---------+---------+-------+---------+---------+-------+---------
               +---------+---------+-------+---------+---------+-------+---------
